 Dungeon Crawl Stone Soup version 0.22-a0-247-gbddf880 (webtiles) character file.

171 Firecrotchwizard the Insei (level 5, -5/29 HPs)
             Began as a Vine Stalker Monk on Feb 23, 2018.
             Killed by divine providence
             ... invoked by an orc priest
              (11 damage)
             ... on level 2 of the Dungeon.
             The game lasted 00:03:08 (1669 turns).

Firecrotchwizard the Insei (Vine Stalker Monk)      Turns: 1669, Time: 00:03:08

Health: -5/29      AC:  5    Str: 15    XL:     5   Next: 51%
Magic:  0/6        EV: 11    Int: 10    God:
Gold:   42         SH:  0    Dex: 16    Spells: 4/4 levels left

rFire    . . .     SeeInvis .     - Unarmed
rCold    . . .     Gourm    .   (no shield)
rNeg     . . .     Faith    .   e - +0 ring mail
rPois    .         Spirit   +   (no helmet)
rElec    .         Reflect  .   (no cloak)
rCorr    .         Harm     .   (no gloves)
MR       .....                  (no boots)
Stlth    ++........             (no amulet)
HPRegen  0.49/turn              (no ring)
MPRegen  0.10/turn              (no ring)

@: lethally poisoned (-5 -> -5)
A: fangs 2, regeneration 1, magic shield, antimagic bite, no potion heal 3, rot
immunity
a: no special abilities


You were on level 2 of the Dungeon.
You were hungry.

You visited 1 branch of the dungeon, and saw 2 of its levels.

You collected 42 gold pieces.

Inventory:

Armour
 a - a +0 robe
 e - a +0 ring mail (worn)
   (You found it on level 1 of the Dungeon)
Jewellery
 i - a +2 ring of intelligence {unknown}
   (You found it on level 1 of the Dungeon)
Scrolls
 c - 3 scrolls of identify {unknown}
 d - a scroll of amnesia {unknown}
 g - a scroll of random uselessness {unknown}
 h - a scroll of enchant weapon {unknown}
 j - a scroll of magic mapping {unknown}
Potions
 k - a potion of brilliance {unknown}
Comestibles
 b - 7 rations {@e1}
 f - 8 chunks of flesh {@w0}


   Skills:
 + Level 3.8 Fighting
 - Level 2.4 Dodging
 - Level 2.4 Stealth
 * Level 5.2 Unarmed Combat


You had 4 spell levels left.
You didn't know any spells.

Dungeon Overview and Level Annotations

Branches:
Dungeon (2/15)

Altars:

Annotations:
D:2 Sigmund


Innate Abilities, Weirdness & Mutations

You have extremely sharp teeth.
Your natural rate of healing is unusually fast.
When hurt, damage is shared between your health and your magic reserves.
Your bite disrupts and absorbs the magic of your enemies.
Potions cannot restore your health.
You are immune to rotting.


Message History

You take 5 damage, and have 15/29 hp.
You now have 3/6 mp.
You barely miss Natasha. Natasha closely misses you.
You hit Natasha but do no damage. Your bite misses Natasha.
Natasha claws you but does no damage.
You hit Natasha. Your punch misses Natasha. You miss Natasha.
You kill Natasha!
You feel Natasha's spirit has finally been put to rest.
k - a cyan potion You see here the felid corpse of Natasha.
You butcher the felid corpse of Natasha.
f - 7 chunks of flesh {@w0} (gained 2)
You see here the felid skeleton of Natasha.
There are no objects that can be picked up here. the felid skeleton of Natasha
f - 8 chunks of flesh {@w0} (gained 1)
You see here a dart slug corpse.
You butcher the dart slug corpse.
f - 10 chunks of flesh {@w0} (gained 2)
You start resting.
Health restored: 29; MP restored: 6 Some of the chunks of flesh in your inventory have rotted away.
You now have 42 gold pieces (gained 10).
An adder comes into view.
An orc comes into view. It is wielding a dagger.
You hit the adder.
The orc shouts!
The adder barely misses you.
An orc priest comes into view.
The orc priest shouts!
You hit the adder but do no damage. The adder bites you but does no damage.
You barely miss the adder. Your bite misses the adder. The adder bites you.
You take 2 damage, and have 27/29 hp.
You hit the adder. The adder bites you but does no damage.
An orc comes into view. It is wielding a dagger.
You closely miss the adder.
The orc shouts!
Your bite misses the adder. The adder bites you.
You are poisoned.
The adder poisons you! The adder closely misses you.
You take 3 damage, and have 24/29 hp.
You now have 5/6 mp.
You feel sick.
The orc priest mumbles some strange prayers to Beogh against you.
Beogh smites you!
You hear a shout!
You take 9 damage, and have 15/29 hp.
MASSIVE DAMAGE!!
You now have 3/6 mp.
You hit the adder. You bite the adder, but do no damage. The adder misses you.
The adder closely misses you.
You hit the adder.
You kill the adder!
You are feeling hungry.
You feel sick.
You take 1 damage, and have 15/29 hp.
You hit the orc but do no damage. You bite the orc, but do no damage.
The orc barely misses you.
Some of the chunks of flesh in your inventory have rotted away.
You hit the orc.
You kill the orc!
An orc comes into view.
Things that are here:
a dagger; an adder corpse You closely miss the orc.
The orc shouts!
You bite the orc. You drain its power.
You feel invigorated.
You feel sick.
You hear an angry hiss.
The orc completely misses you.
An orc wizard comes into view.
It is wielding a dagger of electrocution.
You take 1 damage, and have 16/29 hp.
MP restored: 6 You closely miss the orc.
Your bite misses the orc. The orc hits you but does no damage.
The orc priest calls upon Beogh to heal the orc.
The orc's wounds heal themselves!
You hit the orc. Your bite misses the orc. The orc hits you but does no damage.
You hit the orc.
You kill the orc!
An adder comes into view.
You feel sick.
The orc priest mumbles some strange prayers to Beogh against you.
Pain shoots through your body!
Things that are here:
a dagger; a leather armour You take 6 damage, and have 11/29 hp.
MASSIVE DAMAGE!!
You now have 3/6 mp.
You hit the orc priest. Your bite misses the orc priest.
The orc priest closely misses you. The orc hits you.
* * * LOW HITPOINT WARNING * * *
You take 4 damage, and have 7/29 hp.
You hit the orc priest but do no damage.
The orc priest hits you.
* * * LOW HITPOINT WARNING * * *
You take 1 damage, and have 6/29 hp.
You now have 2/6 mp.
You hit the orc priest.
You bite the orc priest, but do no damage.
The orc priest mumbles some strange prayers to Beogh against you.
Beogh smites you!
You die...

#.# #......# # #.#
#......#
####.######......#######
........................
.........##.#... .......
.........##.##.# .......
.........##.##.# S....?.
####'##........##oo.##..
####'##........)@o......
...............##...#...
...............# .......
...............#........
...............#.####.##
................. ..
#######........## .
#######........#
...............#


You could see an orc priest, an orc wizard, an adder and an orc.

Vanquished Creatures
  Natasha (thrice) (D:2)
  4 adders
  A worm (D:2)
  5 dart slugs
  3 leopard geckos
  2 orcs (D:2)
  5 bats
  A giant cockroach (D:2)
  2 goblins
  5 hobgoblins (D:1)
  3 jackals (D:2)
  4 kobolds
  6 rats
44 creatures vanquished.

Notes
Turn   | Place    | Note
-------+----------+-------------------------------------------
     0 | D:1      | Firecrotchwizard the Vine Stalker Monk began the quest for the Orb.
     0 | D:1      | Reached XP level 1. HP: 11/11 MP: 2/2
   188 | D:1      | Reached XP level 2. HP: 6/16 MP: 1/3
   503 | D:1      | Reached skill level 3 in Fighting
   745 | D:1      | Reached XP level 3. HP: 18/20 MP: 4/4
  1194 | D:2      | Reached skill level 4 in Unarmed Combat
  1212 | D:2      | Noticed Sigmund
  1360 | D:2      | Gained mutation: Your natural rate of healing is unusually fast. [Vine Stalker growth]
  1360 | D:2      | Reached XP level 4. HP: 15/24 MP: 5/5
  1412 | D:2      | Noticed Natasha
  1422 | D:2      | Killed Natasha
  1538 | D:2      | Noticed Natasha
  1550 | D:2      | Killed Natasha
  1550 | D:2      | Reached skill level 5 in Unarmed Combat
  1550 | D:2      | Reached XP level 5. HP: 15/29 MP: 6/6
  1551 | D:2      | Noticed Natasha
  1567 | D:2      | Killed Natasha
  1667 | D:2      | HP: 7/29 [orc (4)]
  1669 | D:2      | Killed from afar by an orc priest

Vault maps used:
D:1:      dpeg_arrival_water_temple_mockup, kennysheep_another_room, st_stairs_5
D:2:      minmay_roachtagon, first_ration, corexii_corridor_pit, uniq_natasha,
          uniq_sigmund

Skill      XL: |  1  2  3  4 |
---------------+-------------+-----
Fighting       | 3 |  3.8
Unarmed Combat | 4 5 |  5.2
Dodging        | |  2.4
Stealth        | |  2.4

Action                   |  1- 3 |  4- 6 || total
-------------------------+-------+-------++-------
Melee: Unarmed           |    89 |    73 ||   162
       Bite              |    21 |    25 ||    46
       Punch             |     2 |     1 ||     3
 Stab: Sleeping          |     4 |       ||     4
  Eat: Chunk             |     1 |     1 ||     2
Armor: Robe              |     4 |       ||     4
       Ring mail         |    20 |    24 ||    44
Dodge: Dodged            |    51 |    36 ||    87

Table legend:
 A = Spawn XP
 B = Non-spawn XP
 C = Spawn XP percentage of total XP
 D = Spawn monster count
 E = Non-spawn monster count
 F = Spawn count percentage of total count
 G = Total turns spent on level
                    A         B        C        D         E        F      G
               +---------+---------+-------+---------+---------+-------+---------
         Total |       0 |     245 |   0.0 |       0 |      44 |   0.0 |  1669
               +---------+---------+-------+---------+---------+-------+---------
           D:1 |       0 |      55 |   0.0 |       0 |      20 |   0.0 |  1226
           D:2 |       0 |     190 |   0.0 |       0 |      24 |   0.0 |   443
               +---------+---------+-------+---------+---------+-------+---------

Vault maps used:
D:1:      dpeg_arrival_water_temple_mockup, kennysheep_another_room, st_stairs_5
D:2:      minmay_roachtagon, first_ration, corexii_corridor_pit, uniq_natasha,
          uniq_sigmund

Table legend:
 A = Turns spent in this place as a percentage of turns spent in the entire game.
 B = Non-inter-level travel turns spent in this place as a percentage of non-inter-level travel turns spent in the entire game.
 C = Inter-level travel turns spent in this place as a percentage of turns spent in this place.
 D = Turns resting spent in this place as a percentage of non-inter-level travel turns spent in this place.
 E = Turns spent auto-exploring this place as a percentage of non-inter-level travel turns spent in this place.
 F = Non-inter-level travel turns spent in this place divided by the number of levels of this place that you've seen.
                   A       B       C       D       E      F
               +-------+-------+-------+-------+-------+----------------------
         Total | 100.0 | 100.0 |   2.5 |  27.7 |  50.2 | 814.0
       Dungeon | 100.0 | 100.0 |   2.5 |  27.7 |  50.2 | 814.0
               +-------+-------+-------+-------+-------+----------------------

Table legend:
 A = Kills in this place as a percentage of kills in entire the game.
 B = Kills by you in this place as a percentage of kills by you in the entire game.
 C = Kills by friends in this place as a percentage of kills by friends in the entire game.
 D = Other kills in this place as a percentage of other kills in the entire game.
 E = Experience gained in this place as a percentage of experience gained in the entire game.
 F = Experience gained in this place divided by the number of levels of this place that you have seen.
                   A       B       C       D       E      F
               +-------+-------+-------+-------+-------+----------------------
         Total | 100.0 | 100.0 |   N/A |   N/A | 100.0 | 122.5
       Dungeon | 100.0 | 100.0 |   N/A |   N/A | 100.0 | 122.5
               +-------+-------+-------+-------+-------+----------------------
